 Dungeon Crawl Stone Soup version 0.27.0-1-g7a089689b8 (webtiles) character file.

Game seed: 1896303486731837384

81 Spectrina the Sneak (level 4, -1/40 HPs)
             Began as a Deep Elf Delver on Aug 1, 2021.
             Slain by a gnoll (2 damage)
             ... on level 5 of the Dungeon.
             The game lasted 00:01:24 (126 turns).

Spectrina the Sneak (Deep Elf Delver)                Turns: 126, Time: 00:01:25

Health: -1/40      AC: 22    Str:  9    XL:     4   Next: 20%
Magic:  6/13       EV:  2    Int: 16    God:
Gold:   10         SH:  0    Dex: 16    Spells: 13/13 levels left

rFire    + + +     SeeInvis .   k - +11 mace "Gieppich" {vorpal, rF+++ rC+ Will- Stlth+}
rCold    + . .     Faith    .   (no shield)
rNeg     + + +     Spirit   .   (armour currently unavailable)
rPois    +         Reflect  .   (helmet currently unavailable)
rElec    .         Harm     .   (cloak currently unavailable)
rCorr    .         Rampage  .   (gloves currently unavailable)
Will     .....     NoTele   +   (boots currently unavailable)
Stlth    ++++......             (no amulet)
HPRegen  0.13/turn              (no ring)
MPRegen  0.13/turn              (no ring)

@: lethally poisoned (-1 -> -7), tree-form (expiring)
A: stationary, stasis, torment immunity, boosted hp
a: no special abilities


You were on level 5 of the Dungeon.
You were a tree.
You visited 1 branch of the dungeon, and saw 1 of its levels.

You collected 10 gold pieces.

Inventory:

Hand Weapons
 a - a +0 short sword
 k - the +11 mace "Gieppich" (weapon) {vorpal, rF+++ rC+ Will- Stlth+}
   (You found it on level 5 of the Dungeon)

   It inflicts extra damage upon your enemies.
   rF:        It renders you almost immune to fire.
   rC:        It protects you from cold.
   Will:      It decreases your willpower.
   Stlth:     It makes you more stealthy.
Armour
 b - a +0 leather armour (melded)
Wands
 g - a wand of digging (3)
Scrolls
 c - a scroll of fog
 d - a scroll of magic mapping
 e - a scroll of fear
 h - a scroll of identify {unknown}
 j - a scroll of enchant weapon {unknown}
Potions
 f - a potion of haste


   Skills:
 - Level 2.4 Fighting
 - Level 2.0 Short Blades
 - Level 2.4 Dodging
 - Level 6.0 Stealth
 + Level 5.2 Spellcasting


You had 13 spell levels left.
You didn't know any spells.
Your spell library was empty.

Dungeon Overview and Level Annotations

Branches:
Dungeon (5/15)
 Temple: D:4-7

Altars:


Message History

A gnoll comes into view. It is wielding a +0 spear.
Unknown command.
You thump the gnoll!
The gnoll is severely wounded.
The gnoll hits you but does no damage.
A gnoll comes into view. It is wielding a +0 flail.
You hit the gnoll.
You kill the gnoll!
The gnoll hits you but does no damage.
The scorpion stings you but does no damage.
Your Spellcasting skill increases to level 3!
You hit the scorpion.
The scorpion is heavily wounded.
Your transformation is almost over.
The scorpion stings you.
You are poisoned.
The scorpion poisons you!
The gnoll hits you from afar with a +0 spear.
* * * LOW HITPOINT WARNING * * *
The scorpion barely misses you.
You thump the scorpion!
You kill the scorpion!
* * * LOW HITPOINT WARNING * * *
You feel very sick. The gnoll hits you but does no damage.
The gnoll hits you from afar with a +0 spear.
* * * LOW HITPOINT WARNING * * *
Your Spellcasting skill gained 2 levels and is now at level 5!
You have reached level 3!
Your experience leads to an increase in your attributes!
Increase (S)trength, (I)ntelligence, or (D)exterity?
You feel clever.
You have reached level 4!
You feel clever.
You closely miss the gnoll.
* * * LOW HITPOINT WARNING * * *
You feel very sick. The gnoll hits you but does no damage.
The gnoll hits you from afar with a +0 spear.
You die...

.##.................#.#.#
..#.#..................Z...
...##..#.......#....#.# #.#.
.........##..........5......
....:...........###.#.#.#.#
.................# .....
5.?..............# #.#.#.#
..........##...g####.......
..... #....♣.g.#.#.#.#.
....# ####.###......... ..
### ##########


You could see 2 gnolls.

Vanquished Creatures
  A scorpion (D:5)
  A gnoll (D:5)
  An adder (D:5)
  A white imp (D:5)
4 creatures vanquished.

Notes
Turn   | Place    | Note
-------+----------+-------------------------------------------
     0 | D:5      | Spectrina the Deep Elf Delver began the quest for the Orb.
     0 | D:5      | Reached XP level 1. HP: 13/13 MP: 3/3
    17 | D:5      | Noticed a water moccasin zombie
    51 | D:5      | Identified the +11 mace "Gieppich" {vorpal, rF+++ rC+ Will-
                  | Stlth+}
    56 | D:5      | Noticed a necrophage
   110 | D:5      | Reached XP level 2. HP: 15/18 MP: 4/7
   121 | D:5      | Noticed a scorpion
   125 | D:5      | Killed a scorpion
   126 | D:5      | Reached skill level 5 in Spellcasting
   126 | D:5      | Reached XP level 3. HP: 3/22 MP: 5/11
   126 | D:5      | Reached XP level 4. HP: 4/27 MP: 5/13
   126 | D:5      | HP: 1/40 [poisoned by a scorpion]
   126 | D:5      | Slain by a gnoll

Illustrated notes

Levels and vault maps discovered:
D:5:      layout_cave_pools, st_stairs_10, amcnicky_mini_rare_corridor_liquid

Skill      XL: |  1  2 |
---------------+-------+-----
Spellcasting   | 2 5 |  5.2
Fighting       | |  2.4
Short Blades   | |  2.0
Dodging        | |  2.4
Stealth        | |  6.0

Action                   |  1- 3 |  4- 6 || total
-------------------------+-------+-------++-------
Melee: Mace              |     8 |     1 ||     9
  Use: Potion            |     1 |       ||     1
Armor: Skin              |     6 |     1 ||     7
Dodge: Dodged            |     2 |       ||     2
